 Dungeon Crawl Stone Soup version 0.22.0 (webtiles) character file.

132 inmateoo the Ruffian (level 4, -2/39 HPs)
             Began as a Troll Air Elementalist on Aug 11, 2018.
             Was an Initiate of Cheibriados.
             Slain by an ogre
             ... wielding a +0 giant club
              (18 damage)
             ... on level 4 of the Dungeon.
             The game lasted 00:02:44 (2892 turns).

inmateoo the Ruffian (Troll Air Elementalist)       Turns: 2892, Time: 00:02:44

Health: -2/39      AC:  5    Str: 18    XL:     4   Next: 92%
Magic:  4/4        EV: 10    Int: 12    God:    Cheibriados [......]
Gold:   150        SH:  0    Dex: 11    Spells: 4/5 levels left

rFire    . . .     SeeInvis .     - Unarmed
rCold    . . .     Gourm    +   (no shield)
rNeg     . . .     Faith    .   a - +0 robe
rPois    .         Spirit   .   (helmet restricted)
rElec    .         Reflect  .   (no cloak)
rCorr    .         Harm     .   (gloves unavailable)
MR       +....                  (boots unavailable)
Stlth    +.........             r - amulet of rage
HPRegen  0.53/turn              p - ring of protection from magic
MPRegen  0.09/turn              (no ring)

@: very slow
A: large, unfitting armour, claws 3, fast metabolism 3, gourmand, regeneration
1, shaggy fur 1, tough skin 2
a: Bend Time, Renounce Religion, Evoke Berserk Rage


You were on level 4 of the Dungeon.
You worshipped Cheibriados.
Cheibriados was noncommittal.
You were not hungry.

You visited 2 branches of the dungeon, and saw 5 of its levels.

You collected 150 gold pieces.

Inventory:

Armour
 a - a +0 robe (worn)
Jewellery
 j - a +3 amulet of reflection
 p - a ring of protection from magic (left claw)
 r - an amulet of rage (around neck)
Wands
 q - a wand of acid (11)
Scrolls
 i - 3 scrolls of remove curse
 m - a scroll of teleportation
 o - 2 scrolls of identify
 s - a scroll of fog
 u - a scroll of magic mapping {unknown}
 w - a scroll of amnesia {unknown}
Potions
 b - a potion of heal wounds {unknown}
 d - a potion of invisibility {unknown}
 e - a potion of ambrosia {unknown}
 f - 3 potions of curing {unknown}
 g - a potion of lignification {unknown}
 h - a potion of haste {unknown}
 k - 2 potions of berserk rage {unknown}
 l - 2 potions of might {unknown}
 n - 2 potions of flight {unknown}
 t - a potion of brilliance {unknown}
 v - a potion of agility {unknown}
Comestibles
 c - 11 rations


   Skills:
 + Level 0.1 Fighting
 - Level 1.5 Dodging
 - Level 1.0 Stealth
 * Level 4.5 Unarmed Combat
 - Level 1.2 Spellcasting
 - Level 0.6 Conjurations
 - Level 2.0 Air Magic
 + Level 0.1 Evocations


You had 4 spell levels left.
You knew the following spells:

 Your Spells              Type           Power        Failure   Level  Hunger
a - Shock                 Conj/Air       #...         17%         1    ##.....

Your spell library contained the following spells:

 Spells                   Type           Power        Failure   Level  Hunger
 Lightning Bolt           Conj/Air       #.........   99%         5    ######.
 Swiftness                Chrm/Air       #.......     30%         2    ###....
 Airstrike                Air            #.........   78%         4    #####..
 Static Discharge         Conj/Air       #.......     45%         3    ####...


Dungeon Overview and Level Annotations

Branches:
Dungeon (4/15)             Temple (1/1) D:4

Altars:
Cheibriados
Fedhas
Okawaru
Vehumet
Zin


Innate Abilities, Weirdness & Mutations

You are too large for most types of armour.
You have claws for hands.
Your metabolism is lightning-fast.
You like to eat raw meat.
Your natural rate of healing is unusually fast.
You are covered in fur. (AC +1)
You have very tough skin. (AC +2)


Message History

There is a staircase back to the Dungeon here.
You climb upwards.
Welcome back to the Dungeon!
The ogre completely misses you.
There is a staircase to the Ecumenical Temple here.
Unknown command.
You scratch the ogre but do no damage. The ogre hits you with a giant club!!
Ouch! That really hurt!
You are too injured to fight recklessly!
You are too injured to fight recklessly!
You barely miss the ogre. The ogre barely misses you.
Unknown command.
You scratch the ogre.
The ogre is lightly wounded.
Unknown command.
You barely miss the ogre.
The ogre is lightly wounded.
The ogre hits you with a giant club.
You claw the ogre!
The ogre is moderately wounded.
The ogre hits you with a giant club!!
You die...

..............##...###
.>.$..........###..#..
..............# #..#.#
#####...#####.# #..#.#
#...# #.# #..... ###...#
#.# ##.#.. ##?....#
#.####.#.#
.###..O...#####.......##
.......@.....######.#.#
.##.$)§.§....=< #...##
#..........## ####.#
.....####....# ##. .....
##..... ## .... ...#. #
.... ..... ..# ....


You could see an ogre.

Vanquished Creatures
  Jessica (D:2)
  Robin (D:3)
  2 adders
  A dart slug (D:1)
  2 orcs (D:3)
  A ball python (D:4)
  7 bats
  3 giant cockroaches
  17 goblins
  5 hobgoblins
  6 jackals
  10 kobolds
  A quokka (D:3)
  4 frilled lizards
  3 rats
64 creatures vanquished.

Vanquished Creatures (others)
  A goblin (D:3)
1 creature vanquished.

Grand Total: 65 creatures vanquished

Notes
Turn   | Place    | Note
-------+----------+-------------------------------------------
     0 | D:1      | inmateoo the Troll Air Elementalist began the quest for the Orb.
     0 | D:1      | Reached XP level 1. HP: 16/16 MP: 1/1
    48 | D:1      | Reached skill level 1 in Unarmed Combat
   101 | D:1      | Reached XP level 2. HP: 24/24 MP: 2/2
   157 | D:1      | Reached skill level 2 in Unarmed Combat
   395 | D:1      | Reached XP level 3. HP: 31/31 MP: 3/3
   784 | D:2      | Noticed Jessica
   791 | D:2      | Killed Jessica
   791 | D:2      | Reached skill level 3 in Unarmed Combat
  1224 | D:2      | Reached XP level 4. HP: 36/39 MP: 4/4
  1791 | D:3      | Reached skill level 4 in Unarmed Combat
  1871 | D:3      | Noticed Robin
  1946 | D:3      | Killed Robin
  2833 | D:4      | Found a staircase to the Ecumenical Temple.
  2843 | D:4      | Noticed an ogre
  2846 | Temple   | Entered the Ecumenical Temple
  2867 | Temple   | Became a worshipper of Cheibriados the Contemplative
  2892 | D:4      | Slain by an ogre

Skill      XL: |  1  2  3  4 |
---------------+-------------+-----
Unarmed Combat | 1 2 3 4 |  4.5
Fighting       | |  0.1
Dodging        | |  1.5
Stealth        | |  1.0
Spellcasting   | |  1.2
Conjurations   | |  0.6
Air Magic      | |  2.0
Evocations     | |  0.1

Action                   |  1- 3 |  4- 6 || total
-------------------------+-------+-------++-------
Melee: Unarmed           |    94 |    91 ||   185
       Punch             |     1 |     2 ||     3
  Use: Scroll            |       |     5 ||     5
 Stab: Sleeping          |     2 |     1 ||     3
  Eat: Chunk             |    13 |    13 ||    26
Armor: Robe              |    41 |    35 ||    76
Dodge: Dodged            |    56 |    63 ||   119
Block: Other             |     2 |     7 ||     9
       Reflection        |       |     1 ||     1
